Map: Romanticide LE

Players

Denver

  • Race: Zerg Zerg

HeroMarine - Winner!

  • Race: Terran Terran

Event: DreamHack SC2 Masters 2021 Fall

VOD

Have the link to the VOD?

Description

Time

  • Played on: Aug. 4, 2021, 11:07 a.m.
  • Length: 10:40

All games in this series

Show
View Real Time Build Order
Export as new Build Order

Denver Zerg 

Build Orders: Hatch First 

Get SALT Encoding   

  12  0:00  Drone  
  13  0:12  Overlord  
  13  0:17  Drone  
  14  0:30  Drone  
  14  0:31  Drone  
  16  0:47  Hatchery  
  15  0:51  Drone  
  15  0:55  Drone  
  17  0:58  Drone  
  18  1:08  Extractor  
  17  1:13  Spawning Pool  
  17  1:17  Drone  
  17  1:20  Drone  
  18  1:29  Drone  
  19  1:39  Drone  
  20  1:49  Overlord  
  20  2:00  Queen x2  
  20  2:01  Zergling x4  
  26  2:10  Metabolic Boost  
  26  2:11  Drone x2  
  28  2:20  Drone  
  28  2:21  Drone  
  30  2:34  Hatchery  
  29  2:38  Spore Crawler  
  29  2:40  Drone  
  31  2:44  Drone x2  
  31  2:48  Overlord  
  32  2:54  Queen  
  32  2:58  Drone  
  35  3:03  Drone  
  36  3:06  Queen  
  36  3:10  Drone x2  
  40  3:14  Overlord  
  40  3:17  Drone  
  40  3:18  Drone  
  42  3:20  Drone  
  42  3:24  Drone  
  44  3:32  Queen  
  46  3:35  Drone x2  
  46  3:40  Overlord  
  48  3:41  Queen  
  48  3:46  Drone x3  
  53  3:48  Drone  
  53  3:53  Queen  
  56  3:58  Baneling Nest  
  56  4:00  Overlord  
  56  4:02  Drone  
  56  4:03  Drone  
  56  4:08  Zergling x6  
  60  4:15  Drone, Overlord  
  60  4:16  Drone x2  
  63  4:17  Drone  
  63  4:19  Drone  
  65  4:25  Queen  
  65  4:27  Extractor  
  65  4:28  Drone  
  65  4:29  Overlord  
  66  4:33  Drone x3  
  66  4:36  Zergling x2  
  70  4:41  Drone  
  70  4:42  Spore Crawler, Drone  
  70  4:45  Zergling x8  
  72  4:51  Evolution Chamber x2  
  72  4:52  Drone x4  
  77  4:53  Drone  
  77  4:56  Spore Crawler  
  77  5:00  Spore Crawler, Drone  
  77  5:06  Drone  
  77  5:07  Drone x3  
  81  5:19  Zerg Ground Armor Level 1  
  81  5:20  Zerg Melee Weapons Level 1  
  81  5:22  Spore Crawler, Hatchery, Drone  
  81  5:23  Drone, Overlord  
  81  5:25  Overlord  
  81  5:30  Lair  
  81  5:31  Overlord  
  81  5:35  Extractor, Overlord  
  80  5:38  Overlord  
  80  5:42  Drone  
  81  5:43  Drone x5  
  81  5:44  Drone  
  81  5:45  Drone  
  88  5:50  Overlord  
  88  5:58  Zergling x6, Hatchery  
  90  6:05  Zergling x12  
  90  6:06  Zergling x2  
  90  6:09  Queen  
  99  6:14  Baneling x5  
  99  6:15  Zergling x6  
  99  6:16  Zergling x2  
  103  6:21  Drone x3  
  103  6:24  Drone x2  
  103  6:25  Drone x2  
  110  6:29  Centrifical Hooks  
  109  6:34  Drone x5  
  114  6:41  Zergling x8  
  118  6:47  Baneling  
  118  6:48  Baneling x10  
  118  6:52  Hatchery, Overlord  
  117  6:56  Zergling x16  
  125  7:04  Zergling x6  
  127  7:11  Drone x8  
  125  7:15  Baneling  
  125  7:16  Baneling x4  
  125  7:20  Zergling x8  
  129  7:23  Extractor x2  
  129  7:27  Zerg Ground Armor Level 2  
  129  7:28  Spore Crawler  
  126  7:30  Extractor  
  126  7:31  Zergling x8  
  126  7:37  Zergling x14  
  130  7:40  Baneling x4  
  130  7:43  Zergling x8  
  140  7:46  Zergling x2  
  140  7:47  Zergling x4  
  129  8:01  Zergling x14  
  123  8:06  Zergling x16  
  123  8:07  Baneling x9  
  123  8:10  Zergling x4  
  133  8:17  Zergling x12  
  132  8:27  Hatchery  
  132  8:28  Zergling x2  
  132  8:29  Zergling x18  
  124  8:36  Zergling x20  
  130  8:48  Drone x9  
  137  8:52  Hatchery  
  137  8:54  Baneling x13  
  135  8:58  Zergling x14  
  141  9:03  Baneling x5  
  141  9:09  Zergling x8  
  146  9:10  Zergling x6  
  146  9:12  Queen  
  146  9:15  Baneling x3  
  146  9:21  Zergling x6  
  137  9:25  Zergling x2  
  137  9:26  Zergling x22  
  137  9:31  Baneling x3  
  145  9:33  Zergling x10  
  145  9:34  Overlord x2  
  146  9:44  Zergling x10  
  146  9:45  Zergling x8  
  131  9:47  Queen  
  122  9:55  Zergling x20  
  125  10:05  Zergling x14  
  105  10:09  Baneling x4  
  105  10:11  Zergling x10  
  106  10:16  Zergling x14  
  106  10:21  Zergling x10  
Show
View Real Time Build Order
Export as new Build Order

HeroMarine Terran - Winner!

Build Orders: Reaper Expand, Hellion Banshee 

Get SALT Encoding   

  12  0:00  SCV  
  13  0:12  SCV  
  14  0:17  Supply Depot  
  14  0:24  SCV  
  15  0:39  SCV  
  15  0:40  Barracks  
  16  0:42  Refinery  
  16  0:51  SCV  
  17  1:03  SCV  
  18  1:15  SCV  
  19  1:27  Reaper, Orbital Command  
  20  1:40  Command Center  
  20  1:48  Supply Depot  
  20  1:53  SCV  
  21  1:59  Marine  
  22  2:05  SCV  
  23  2:10  Factory  
  23  2:17  SCV  
  23  2:19  Barracks Reactor  
  24  2:29  SCV  
  25  2:41  SCV  
  25  2:42  Command Center  
  26  2:53  SCV, Orbital Command  
  27  2:59  Starport  
  27  3:04  Refinery  
  28  3:05  SCV  
  28  3:10  Hellion  
  30  3:14  Hellion  
  30  3:16  Barracks Tech Lab  
  30  3:18  SCV  
  33  3:21  SCV  
  34  3:30  SCV  
  34  3:31  Hellion  
  34  3:33  SCV  
  38  3:36  Hellion  
  40  3:43  SCV, Banshee  
  40  3:45  SCV  
  46  3:55  SCV, Orbital Command  
  47  3:57  SCV, Hellion  
  47  3:59  Hellion  
  47  4:01  Barracks Tech Lab  
  51  4:08  Supply Depot  
  52  4:10  SCV  
  52  4:11  SCV  
  53  4:19  Marine, Stimpack  
  53  4:22  SCV  
  53  4:23  SCV  
  56  4:29  Barracks  
  56  4:31  Factory Reactor  
  56  4:33  SCV  
  56  4:34  SCV  
  56  4:35  Supply Depot, SCV  
  56  4:37  Marine  
  60  4:44  Barracks  
  60  4:45  SCV  
  63  4:46  SCV  
  63  4:47  SCV  
  65  4:57  Refinery x2  
  65  4:58  SCV, Orbital Command  
  65  4:59  Marine  
  67  5:00  SCV  
  67  5:06  Engineering Bay  
  68  5:07  Engineering Bay  
  68  5:12  SCV x2  
  68  5:14  Factory Reactor  
  68  5:17  Marine, Supply Depot  
  68  5:18  Barracks  
  68  5:19  Barracks  
  68  5:20  Starport Reactor  
  69  5:24  SCV  
  69  5:25  SCV  
  69  5:26  SCV  
  71  5:32  Marine  
  71  5:33  Marine x3  
  71  5:34  Marine  
  76  5:36  Terran Infantry Armor Level 1, SCV, Terran Infantry Weapons Level 1  
  76  5:39  SCV x2  
  79  5:44  Supply Depot x2  
  79  5:46  Supply Depot  
  79  5:48  SCV  
  80  5:50  Marine x2  
  80  5:51  Marine, SCV x2  
  80  5:56  Armory  
  85  6:06  Marine, SCV x3, Medivac x2, Widow Mine x2, Supply Depot  
  85  6:08  Barracks Reactor x2  
  85  6:09  Marine x2  
  99  6:12  Marine x2  
  99  6:18  SCV x3  
  104  6:22  Combat Shield  
  104  6:24  Marine  
  105  6:27  Marine x2  
  105  6:29  Widow Mine x2  
  105  6:30  Marine x2, SCV x3  
  116  6:33  Supply Depot  
  116  6:35  Factory  
  116  6:41  Marine  
  117  6:47  Supply Depot  
  117  6:48  Supply Depot  
  117  6:54  Marine x4, Medivac x2  
  117  6:56  Supply Depot  
  125  7:08  Marine x2  
  125  7:09  Marine x3, SCV  
  125  7:11  Widow Mine x2  
  125  7:12  Marine x4  
  124  7:22  Supply Depot  
  124  7:23  Refinery  
  124  7:24  Medivac x2, Drilling Claws  
  124  7:26  Marine x4  
  124  7:27  Marine  
  133  7:30  Marine x4  
  141  7:40  Terran Infantry Armor Level 2, Terran Infantry Weapons Level 2  
  141  7:43  Supply Depot  
  141  7:44  Marine x4, Supply Depot  
  135  7:45  Marine  
  135  7:48  Marine x4  
  144  7:55  SCV x3  
  142  7:59  Widow Mine  
  142  8:02  Marine x4  
  142  8:03  Marine  
  127  8:06  Marine x4  
  127  8:07  SCV x2  
  127  8:08  SCV  
  134  8:19  SCV x2  
  136  8:20  Marine x4, SCV  
  136  8:21  Marine  
  136  8:23  Marine x4  
  146  8:31  SCV  
  146  8:32  SCV x2  
  140  8:37  Marine x2  
  140  8:38  Marine x3, Liberator x2  
  140  8:39  Widow Mine x2  
  140  8:40  Widow Mine  
  147  8:41  Marine  
  147  8:43  SCV  
  147  8:44  Marine, SCV x2  
  147  8:47  Marine x2  
  154  8:55  Marine x4  
  154  8:56  Marine, SCV x2  
  154  8:59  Marine  
  154  9:01  Widow Mine x2  
  154  9:02  Marine  
  165  9:04  Marine  
  165  9:05  Marine  
  165  9:06  Command Center  
  165  9:09  Widow Mine  
  169  9:13  Marine x2  
  169  9:14  Marine x2  
  173  9:18  Marine x2, Supply Depot  
  173  9:19  Supply Depot  
  173  9:22  Widow Mine x2  
  173  9:23  Marine x2  
  163  9:24  Marine  
  163  9:31  Marine, Widow Mine  
  172  9:32  Marine x2, Medivac x2  
  173  9:39  Marine x3  
  173  9:41  Marine  
  173  9:44  Widow Mine  
  173  9:45  Marine x2  
  175  9:49  Marine  
  175  9:50  Marine x2  
  166  9:56  Widow Mine x2  
  166  9:57  Marine x3  
  166  9:59  Marine  
  158  10:02  Medivac x2  
  158  10:03  Marine x2  
  158  10:05  Widow Mine  
  158  10:06  Marine  
  163  10:08  Marine x2  
  164  10:15  Marine x3  
  164  10:17  Marine  
  164  10:18  Widow Mine x2  
  164  10:20  Marine  
  164  10:21  Marine  

Tags
 
Add a new tag
Caveats
  • Supply blocks, unpowered buildings, or Contaminate may cause inaccurate times.
  • Supply counts are checked every 10 seconds.